 Dungeon Crawl Stone Soup version 0.19.1-1-g22dce08 (webtiles) character file.

78 Inchmeat the Cudgeler (level 4, -1/28 HPs)
             Began as a Gargoyle Monk on Jan 12, 2017.
             Slain by a hobgoblin
             ... wielding a +0 club
              (5 damage)
             ... on level 3 of the Dungeon.
             The game lasted 00:03:53 (2017 turns).

Inchmeat the Cudgeler (Gargoyle Monk)               Turns: 2017, Time: 00:03:54

Health: -1/28      AC:  7    Str: 15    XL:     4   Next: 36%
Magic:  4/4        EV: 12    Int: 11    God:
Gold:   173        SH:  0    Dex: 12    Spells: 0 memorised, 3 levels left

rFire  . . .     SeeInvis .     a - +0 mace
rCold  . . .     Gourm    .     l - +0 leather armour
rNeg   + . .     Faith    .     (no shield)
rPois  ∞         Spirit   .     (no helmet)
rElec  +         Reflect  .     k - +0 cloak (curse)
rCorr  .         Harm     .     (no gloves)
MR     .....                    (no boots)
Stlth  ++........               (no amulet)
                                (no ring)
                                (no ring)

@: no status effects
A: negative energy resistance 1, electricity resistance, unbreathing,
petrification resistance, rot immunity, AC +3
a: no special abilities


You were on level 3 of the Dungeon.
You were not hungry.

You visited 1 branch of the dungeon, and saw 3 of its levels.

You collected 173 gold pieces.

Inventory:

Hand Weapons
 a - a +0 mace (weapon)
Armour
 b - a +0 robe
 k - a cursed +0 cloak (worn)
 l - a +0 leather armour (worn)
Scrolls
 d - 6 scrolls of identify {unknown}
 e - a scroll of enchant weapon {unknown}
 f - 2 scrolls of remove curse {unknown}
 g - a scroll of fear {unknown}
 j - a scroll of enchant armour {unknown}
Potions
 h - a potion of heal wounds {unknown}
 i - a potion of cancellation {unknown}
 p - a potion of resistance {unknown}
Comestibles
 c - a bread ration
 m - a slice of pizza
 n - a beef jerky
 o - a meat ration


   Skills:
 - Level 3.2 Fighting
 * Level 5.0 Maces & Flails
 * Level 0.2 Armour
 - Level 2.4 Dodging
 - Level 2.1 Stealth


You had 3 spell levels left.
You didn't know any spells.

Dungeon Overview and Level Annotations

Branches:
Dungeon (3/15)

Altars:


Innate Abilities, Weirdness & Mutations

You are resistant to torment.
Your stone body is resilient. (AC +3)
You are immune to poison.
You resist negative energy. (rN+)
You are resistant to electric shocks. (rElec)
You can survive without breathing.
You are immune to petrification.
You are immune to rotting.


Message History

The hobgoblin closely misses you.
The leopard gecko completely misses you.
You hit the hobgoblin.
The hobgoblin is lightly wounded.
The hobgoblin hits you but does no damage.
The leopard gecko closely misses you. The hobgoblin barely misses you.
You barely miss the hobgoblin. The leopard gecko bites you.
The hobgoblin hits you but does no damage. x2
The worm bites you.
You hit the hobgoblin.
The hobgoblin is lightly wounded.
The leopard gecko bites you but does no damage.
The hobgoblin barely misses you. The hobgoblin misses you.
The leopard gecko bites you.
Unknown command.
The hobgoblin barely misses you. The leopard gecko bites you.
The worm bites you.
* * * LOW HITPOINT WARNING * * *
The hobgoblin hits you with a club.
You die...

>.# #.. #.. #..
#..##
..###...#####
.........g..###...
#....g@.......
#.##.wl.##....
#.....!....... .
#.##.#.....##.. ..
#.##.#.## .. #
#.#.# . #...#
#..## ..#


You could see a worm, a leopard gecko and 2 hobgoblins.

Vanquished Creatures
  2 adders (D:2)
  2 oozes
  2 dart slugs (D:1)
  A leopard gecko (D:1)
  2 giant cockroaches (D:1)
  7 goblins
  5 hobgoblins
  5 kobolds
  2 quokkas
  3 ball pythons (D:2)
  4 bats (D:1)
  9 frilled lizards
  6 rats
50 creatures vanquished.

Notes
Turn   | Place    | Note
-------+----------+-------------------------------------------
     0 | D:1      | Inchmeat the Gargoyle Monk began the quest for the Orb.
     0 | D:1      | Reached XP level 1. HP: 14/14 MP: 1/1
   405 | D:1      | Reached XP level 2. HP: 18/19 MP: 2/2
   542 | D:1      | Reached skill level 4 in Maces & Flails
   836 | D:1      | Reached XP level 3. HP: 23/23 MP: 3/3
  1668 | D:2      | Reached XP level 4. HP: 25/28 MP: 4/4
  1934 | D:2      | Reached skill level 5 in Maces & Flails
  2017 | D:3      | Slain by a hobgoblin

Skill      XL: |  1  2  3  4 |
---------------+-------------+-----
Maces & Flails | 4 5 |  5.0
Fighting       | |  3.2
Armour         | |  0.2
Dodging        | |  2.4
Stealth        | |  2.1

Action                   |  1- 3 |  4- 6 || total
-------------------------+-------+-------++-------
Melee: Mace              |   124 |    32 ||   156
 Stab: Sleeping          |     3 |     1 ||     4
  Eat: Chunk             |     1 |     3 ||     4
Armor: Robe              |    54 |       ||    54
       Leather armour    |     7 |    21 ||    28
Dodge: Dodged            |   131 |    37 ||   168
